Hershey Bears vs Rimouski Oceanic

Created - 17 janvier 2018 at 07:54

Goals
1 2 3 T
Hershey Bears 1 1 1 3
Rimouski Oceanic 1 0 0 1
Shots
1 2 3 T
Hershey Bears 10 6 10 26
Rimouski Oceanic 9 3 8 20

1st period

1. Rimouski Oceanic , Riley Barber 18 (Jordan Nolan 31) at 3:27
2. Hershey Bears , Andy Miele 18 (Chris Bourque 28) at 13:39

Penalties :
Mark Fraser (BEA) for High sticking (Minor) at 8:25, Taylor Fedun (OCE) for Interference (Minor) at 18:48

2nd period

3. Hershey Bears , John Hayden 13 (Cory Conacher 35) at 0:14 (PP)

Penalties :
Dalton Prout (BEA) for Holding (Minor) at 0:23, Joe Whitney (OCE) for Interference (Minor) at 13:00

3rd period

4. Hershey Bears , Chris Bourque 17 (Tyler Wotherspoon 14, Andy Miele 37) at 15:13

Penalties :
Taylor Fedun (OCE) for Slashing (Minor) at 0:05, Bobby Farnham (OCE) for Fighting (Major) at 2:35, Mark Fraser (BEA) for Fighting (Major) at 2:35

Goalie Stats

Mackenzie Skapski (BEA), 19 saves from 20 shots - (0,950), W, 1-4-2, 60:00 minutes
Parker Milner (OCE), 23 saves from 26 shots - (0,885), L, 5-13-0, 60:00 minutes

Players Stats for Hershey Bears

Player Name              G  A  P  +/- PIM S  H  SB GA TA FO     MP     PP MP  PK MP  
------------------------------------------------------------------------------------
Andrew Desjardins        0  0  0  -1  0   0  1  1  0  0  0/0    19:18   3:00   0:50 
Andy Miele               1  1  2   2  0   1  3  1  1  0  4/5    18:08   2:24   1:49 
Brendan Gaunce           0  0  0   0  0   0  0  0  1  0  0/0     8:50   0:00   0:00 
Carter Camper            0  0  0   0  0   3  4  0  0  0  1/1    14:41   0:00   0:00 
Chris Bourque            1  1  2   2  0   1  2  1  0  1  0/0    15:17   2:24   0:06 
Chris Wagner             0  0  0   2  0   2  2  1  0  0  0/0    14:14   2:24   0:00 
Colby Cave               0  0  0   0  0   3  4  0  0  0  4/6    14:12   0:00   0:00 
Cory Conacher            0  1  1  -1  0   6  1  0  1  1  1/2    20:44   3:00   2:00 
Cristoval Nieves         0  0  0   0  0   1  3  0  0  0  0/0    11:12   0:00   1:13 
Dalton Prout             0  0  0  -1  2   0  6  2  1  1  0/0    26:12   3:28   1:18 
John Hayden              1  0  1  -1  0   6  5  0  0  2  11/30  20:35   3:00   1:58 
Klas Dahlbeck            0  0  0   0  0   0  3  2  1  1  0/0    22:56   1:56   1:32 
Mark Fraser              0  0  0   0  7   1  1  2  0  0  0/0    19:08   1:56   1:03 
Michael Kostka           0  0  0   0  0   0  1  1  0  0  0/0    26:34   3:28   2:21 
Mike Blunden             0  0  0   1  0   1  2  0  1  1  0/0    14:51   0:00   0:00 
Nicolas Deslauriers      0  0  0   0  0   0  0  0  0  0  0/0     1:28   0:00   0:00 
Teddy Blueger            0  0  0   0  0   1  2  0  0  0  0/0     8:50   0:00   0:00 
Tyler Wotherspoon        0  1  1   2  0   0  0  0  0  1  0/0    18:49   0:00   1:42 

Players Stats for Rimouski Oceanic

Player Name              G  A  P  +/- PIM S  H  SB GA TA FO     MP     PP MP  PK MP  
------------------------------------------------------------------------------------
Andreas Englund          0  0  0   0  0   0  0  0  0  0  0/0    13:39   0:00   2:10 
Bobby Farnham            0  0  0  -1  5   3  3  1  0  2  1/1    15:55   1:38   0:00 
Dylan Blujus             0  0  0   0  0   0  0  0  0  0  0/0    11:29   0:00   0:00 
Joe Whitney              0  0  0   0  2   0  0  0  0  0  0/0     8:47   0:09   0:33 
Jordan Nolan             0  1  1   0  0   4  1  0  0  0  1/3    18:32   2:07   1:19 
Loic Leduc               0  0  0   0  0   0  0  0  0  0  0/0     8:54   0:00   0:00 
Mark Alt                 0  0  0  -1  0   0  0  0  0  0  0/0    16:39   1:33   1:14 
Mattias Backman          0  0  0   0  0   0  0  1  0  1  0/0     9:32   0:00   0:27 
Mikkel Aagaard           0  0  0   0  0   1  0  0  1  0  0/0    14:26   0:09   0:00 
Nick Paul                0  0  0   0  0   0  1  0  2  0  0/0    22:57   2:11   3:24 
Patrice Cormier          0  0  0  -1  0   1  0  0  0  0  4/6    19:28   1:38   1:19 
Riley Barber             1  0  1   0  0   5  0  0  0  0  15/28  23:03   2:11   3:41 
Scooter Vaughan          0  0  0  -1  0   0  1  0  1  0  0/0    17:32   1:33   1:14 
Shane Harper             0  0  0  -1  0   2  0  0  2  0  0/0    17:22   1:38   0:00 
Steven Fogarty           0  0  0   0  0   0  1  2  0  1  1/5    16:12   0:09   0:00 
Taylor Fedun             0  0  0   0  4   1  3  0  2  1  0/0    20:43   2:25   1:33 
Zach Redmond             0  0  0   0  0   2  3  1  0  0  0/0    22:58   2:25   4:10 
Zach Sanford             0  0  0   0  0   1  2  0  0  1  1/1    16:24   0:04   0:32 

3 Stars

1 - Andy Miele (BEA)
2 - Chris Bourque (BEA)
3 - John Hayden (BEA)

Power Play

Hershey Bears - 1 on 3 Attempt(s) - 33,33%
Rimouski Oceanic - 0 on 2 Attempt(s) - 0,00%

Penalty Kill

Hershey Bears - 2 on 2 Attempt(s) - 100,00% - Score 0 goal in Penalty Kill
Rimouski Oceanic - 2 on 3 Attempt(s) - 66,67% - Score 0 goal in Penalty Kill

Team Stat

Hershey Bears - Hits : 40 - Faceoff Wins : 21 - Blocked Shots : 11 - Penalty Minutes : 9
Rimouski Oceanic - Hits : 15 - Faceoff Wins : 23 - Blocked Shots : 5 - Penalty Minutes : 11

Official

Referees : Evgeny Romasko and Frederick L'Ecuyer
Linesman : Darren Gibbs and David Brisebois

Game Notes

Nicolas Deslauriers is injured at 4:40 of 1st period (Sports Hernia)
Bobby Farnham and Mark Fraser fight to a draw at 2:35 of 3rd period

Finance

Level 1 -- Attendance: 1489 (74,45%) -- Ticket Income 52 115 $
Level 2 -- Attendance: 726 (72,60%) -- Ticket Income 10 890 $
Total Attendance: 2215 (73,83%)
Total Ticket Income: 63 005 $
Other Income: 30 872 $
Total Income: 93 877 $

Hershey Bears

5 vs 5 Forward 
   Center                   Left Wing                Right Wing               Time % Phy DF OF 
 1 John Hayden              Cory Conacher            Andrew Desjardins        40     1   2  2  
 2 Andy Miele               Chris Bourque            Chris Wagner             30     1   2  2  
 3 Colby Cave               Mike Blunden             Carter Camper            20     1   2  2  
 4 Cristoval Nieves         Brendan Gaunce           Teddy Blueger            10     1   2  2  

5 vs 5 Defense 
   Defense                  Defense                                           Time % Phy DF OF 
 1 Dalton Prout             Michael Kostka                                    40     1   2  2  
 2 Klas Dahlbeck            Mark Fraser                                       30     1   2  2  
 3 Tyler Wotherspoon        Nicolas Deslauriers                               20     1   2  2  
 4 Dalton Prout             Michael Kostka                                    10     1   2  2  

PowerPlay Forward 
   Center                   Left Wing                Right Wing               Time % Phy DF OF 
 1 John Hayden              Cory Conacher            Andrew Desjardins        60     1   2  2  
 2 Andy Miele               Chris Bourque            Chris Wagner             40     1   2  2  

PowerPlay Defense
   Defense                  Defense                                           Time % Phy DF OF 
 1 Dalton Prout             Michael Kostka                                    60     1   2  2  
 2 Klas Dahlbeck            Mark Fraser                                       40     1   2  2  

Penalty Kill 4 Players Forward 
   Center                   Wing                     Time % Phy DF OF 
 1 John Hayden              Cory Conacher            60     1   2  2  
 2 Andrew Desjardins        Andy Miele               40     1   2  2  

Penalty Kill 4 Players Defense
   Defense                  Defense                  Time % Phy DF OF 
 1 Dalton Prout             Michael Kostka           60     1   2  2  
 2 Klas Dahlbeck            Mark Fraser              40     1   2  2  

Penalty Kill - 3 Players Forward 
   Forward                                           Time % Phy DF OF 
 1 John Hayden                                       60     1   2  2  
 2 Cory Conacher                                     40     1   2  2  

Penalty Kill - 3 Players Defense
   Defense                  Defense                  Time % Phy DF OF 
 1 Dalton Prout             Michael Kostka           60     1   2  2  
 2 Klas Dahlbeck            Mark Fraser              40     1   2  2  

4 vs 4 Forward 
   Center                   Wing                     Time % Phy DF OF 
 1 John Hayden              Cory Conacher            60     1   2  2  
 2 Andrew Desjardins        Andy Miele               40     1   2  2  

4 vs 4 Defense
   Defense                  Defense                  Time % Phy DF OF 
 1 Dalton Prout             Michael Kostka           60     1   2  2  
 2 Klas Dahlbeck            Mark Fraser              40     1   2  2  

Last Minutes Offensive
   Center                   Left Wing                Right Wing               Defense                  Defense                  
   John Hayden              Cory Conacher            Andrew Desjardins        Dalton Prout             Michael Kostka           

Last Minutes Defensive
   Center                   Left Wing                Right Wing               Defense                  Defense                  
   John Hayden              Cory Conacher            Andrew Desjardins        Dalton Prout             Michael Kostka           

Goaltenders
Starting : Mackenzie Skapski        
Backup : Mike McKenna             

Extra Forwards
Normal : Mike Blunden, Colby Cave, Cristoval Nieves - PP : Mike Blunden, Colby Cave - PK : Cristoval Nieves
Extra Defensemen
Normal : Tyler Wotherspoon, Nicolas Deslauriers, Klas Dahlbeck - PP : Tyler Wotherspoon - PK : Nicolas Deslauriers, Klas Dahlbeck
Penalty Shots
John Hayden, Cory Conacher, Andrew Desjardins, Andy Miele, Chris Bourque

Scratches
James Wisniewski (Healthy), Matt Carle (Healthy), Tom Sestito (Healthy), Bryce Gervais (Healthy), Thomas Di Pauli (Healthy)
Justin Hickman (Healthy), Markus Eisenschmid (Healthy)

Rimouski Oceanic

5 vs 5 Forward 
   Center                   Left Wing                Right Wing               Time % Phy DF OF 
 1 Riley Barber             Nick Paul                Jordan Nolan             40     1   2  2  
 2 Patrice Cormier          Bobby Farnham            Shane Harper             30     1   2  2  
 3 Steven Fogarty           Zach Sanford             Mikkel Aagaard           20     1   2  2  
 4 Riley Barber             Joe Whitney              Nick Paul                10     1   2  2  

5 vs 5 Defense 
   Defense                  Defense                                           Time % Phy DF OF 
 1 Zach Redmond             Taylor Fedun                                      40     1   2  2  
 2 Scooter Vaughan          Mark Alt                                          30     1   2  2  
 3 Dylan Blujus             Andreas Englund                                   20     1   2  2  
 4 Mattias Backman          Loic Leduc                                        10     1   2  2  

PowerPlay Forward 
   Center                   Left Wing                Right Wing               Time % Phy DF OF 
 1 Riley Barber             Nick Paul                Jordan Nolan             60     1   2  2  
 2 Patrice Cormier          Bobby Farnham            Shane Harper             40     1   2  2  

PowerPlay Defense
   Defense                  Defense                                           Time % Phy DF OF 
 1 Zach Redmond             Taylor Fedun                                      60     1   2  2  
 2 Scooter Vaughan          Mark Alt                                          40     1   2  2  

Penalty Kill 4 Players Forward 
   Center                   Wing                     Time % Phy DF OF 
 1 Riley Barber             Nick Paul                60     1   2  2  
 2 Jordan Nolan             Patrice Cormier          40     1   2  2  

Penalty Kill 4 Players Defense
   Defense                  Defense                  Time % Phy DF OF 
 1 Zach Redmond             Taylor Fedun             60     1   2  2  
 2 Scooter Vaughan          Mark Alt                 40     1   2  2  

Penalty Kill - 3 Players Forward 
   Forward                                           Time % Phy DF OF 
 1 Riley Barber                                      60     1   2  2  
 2 Nick Paul                                         40     1   2  2  

Penalty Kill - 3 Players Defense
   Defense                  Defense                  Time % Phy DF OF 
 1 Zach Redmond             Taylor Fedun             60     1   2  2  
 2 Scooter Vaughan          Mark Alt                 40     1   2  2  

4 vs 4 Forward 
   Center                   Wing                     Time % Phy DF OF 
 1 Riley Barber             Nick Paul                60     1   2  2  
 2 Jordan Nolan             Patrice Cormier          40     1   2  2  

4 vs 4 Defense
   Defense                  Defense                  Time % Phy DF OF 
 1 Zach Redmond             Taylor Fedun             60     1   2  2  
 2 Scooter Vaughan          Mark Alt                 40     1   2  2  

Last Minutes Offensive
   Center                   Left Wing                Right Wing               Defense                  Defense                  
   Riley Barber             Nick Paul                Jordan Nolan             Zach Redmond             Taylor Fedun             

Last Minutes Defensive
   Center                   Left Wing                Right Wing               Defense                  Defense                  
   Riley Barber             Nick Paul                Jordan Nolan             Zach Redmond             Taylor Fedun             

Goaltenders
Starting : Parker Milner            
Backup : Justin Peters            

Extra Forwards
Normal : Zach Sanford, Steven Fogarty, Joe Whitney - PP : Zach Sanford, Steven Fogarty - PK : Joe Whitney
Extra Defensemen
Normal : Dylan Blujus, Andreas Englund, Mattias Backman - PP : Dylan Blujus - PK : Andreas Englund, Mattias Backman
Penalty Shots
Riley Barber, Nick Paul, Jordan Nolan, Scooter Vaughan, Patrice Cormier

Scratches
Garrett Noonan (Healthy), Ethan Werek (Healthy), Christoph Bertschy (Healthy), Marco Roy (Healthy), Kyle Burroughs (Healthy)
Alexandre Ranger (Healthy), Ben Marshall (Healthy), Jeremy Smith (Healthy)

% Time on Ice - Hershey Bears

Lines # - Real PCT - Wanted PCT - Time Play
Normal Forward
1 - 32% - 40% - 16:20
2 - 23% - 30% - 11:50
3 - 27% - 20% - 13:38
4 - 17% - 10% - 8:50
Normal Defense
1 - 30% - 40% - 15:20
2 - 35% - 30% - 17:47
3 - 33% - 20% - 16:45
4 - 2% - 10% - 0:46
PP Forward
1 - 56% - 60% - 3:00
2 - 44% - 40% - 2:24
PP Defense
1 - 64% - 60% - 3:28
2 - 36% - 40% - 1:56
PK Forward
1 - 79% - 60% - 3:08
2 - 21% - 40% - 0:50
PK Defense
1 - 71% - 60% - 2:48
2 - 29% - 40% - 1:10
PK3 Forward
1 - 0% - 60%
2 - 0% - 40%
PK3 Defense
1 - 0% - 60%
2 - 0% - 40%
44 Forward
1 - 0% - 60%
2 - 0% - 40%
44 Defense
1 - 0% - 60%
2 - 0% - 40%
Last Minute Offensive  - 0:00
Last Minute Defensive  - 0:00
Total
Forward - 60:00
Defense - 60:00

% Time on Ice - Rimouski Oceanic

Lines # - Real PCT - Wanted PCT - Time Play
Normal Forward
1 - 29% - 40% - 14:34
2 - 34% - 30% - 17:07
3 - 28% - 20% - 14:02
4 - 10% - 10% - 4:55
Normal Defense
1 - 32% - 40% - 16:23
2 - 27% - 30% - 13:52
3 - 23% - 20% - 11:29
4 - 18% - 10% - 8:54
PP Forward
1 - 59% - 60% - 2:20
2 - 41% - 40% - 1:38
PP Defense
1 - 61% - 60% - 2:25
2 - 39% - 40% - 1:33
PK Forward
1 - 76% - 60% - 4:05
2 - 24% - 40% - 1:19
PK Defense
1 - 77% - 60% - 4:10
2 - 23% - 40% - 1:14
PK3 Forward
1 - 0% - 60%
2 - 0% - 40%
PK3 Defense
1 - 0% - 60%
2 - 0% - 40%
44 Forward
1 - 0% - 60%
2 - 0% - 40%
44 Defense
1 - 0% - 60%
2 - 0% - 40%
Last Minute Offensive  - 0:00
Last Minute Defensive  - 0:00
Total
Forward - 60:00
Defense - 60:00

Play by Play

1st period


0:01 of 1st period - Riley Barber wins face-off versus John Hayden in neutral zone.
0:32 of 1st period - Snap shot by Bobby Farnham.
0:32 of 1st period - Stopped by Mackenzie Skapski with a rebound.
0:44 of 1st period - Wrist shot by Zach Sanford.
0:44 of 1st period - Deflect By Mikkel Aagaard.
0:44 of 1st period - Shot Misses the Net.
0:44 of 1st period - Puck is out of play.
0:45 of 1st period - Carter Camper wins face-off versus Steven Fogarty in Hershey Bears zone.
0:45 of 1st period - Carter Camper is hit by Zach Sanford.
1:16 of 1st period - Snap shot by Cory Conacher.
1:16 of 1st period - Stopped by Parker Milner with a rebound.
1:36 of 1st period - Wrist shot by Cristoval Nieves.
1:36 of 1st period - Shot Misses the Net.
1:52 of 1st period - Wrist shot by Shane Harper.
1:52 of 1st period - Stopped by Mackenzie Skapski with a rebound.
2:22 of 1st period - Taylor Fedun is hit by Dalton Prout and loses puck.
2:30 of 1st period - Off-side.
2:31 of 1st period - Patrice Cormier wins face-off versus John Hayden in neutral zone.
2:46 of 1st period - Wrist shot by Cory Conacher.
2:46 of 1st period - Stopped by Parker Milner with a rebound.
2:56 of 1st period - Bobby Farnham is hit by Cristoval Nieves and loses puck.
3:21 of 1st period - Snap shot by Riley Barber.
3:21 of 1st period - Shot Misses the Net.
3:23 of 1st period - Wrist shot by Nick Paul.
3:23 of 1st period - Deflect By Riley Barber.
3:23 of 1st period - Shot Misses the Net.
3:23 of 1st period - Puck is out of play.
3:24 of 1st period - Jordan Nolan wins face-off versus John Hayden in Hershey Bears zone.
3:27 of 1st period - Slapshot by Riley Barber.
3:27 of 1st period - Goal by Riley Barber - Hershey Bears : 0 - Rimouski Oceanic : 1.
3:28 of 1st period - Riley Barber wins face-off versus John Hayden in neutral zone.
3:43 of 1st period - Slapshot by John Hayden.
3:43 of 1st period - Shot Misses the Net.
4:06 of 1st period - Wrist shot by Zach Sanford.
4:06 of 1st period - Shot Blocked by Chris Bourque.
4:16 of 1st period - Zach Redmond is hit by Carter Camper and loses puck.
4:39 of 1st period - Nicolas Deslauriers is hit by Zach Redmond and loses puck.
4:40 of 1st period - Nicolas Deslauriers from Hershey Bears is injured at 4:40 of 1st period (Sports Hernia).
4:41 of 1st period - Riley Barber wins face-off versus John Hayden in Hershey Bears zone.
4:58 of 1st period - Riley Barber is hit by John Hayden and loses puck.
5:15 of 1st period - Wrist shot by Chris Wagner.
5:15 of 1st period - Shot Blocked by Steven Fogarty.
5:17 of 1st period - Wrist shot by Chris Wagner.
5:17 of 1st period - Stopped by Parker Milner without a rebound.
5:18 of 1st period - Patrice Cormier wins face-off versus Colby Cave in Rimouski Oceanic zone.
6:50 of 1st period - Andreas Englund is hit by Dalton Prout and loses puck.
7:10 of 1st period - Dylan Blujus is hit by John Hayden and loses puck.
7:43 of 1st period - Snap shot by Mikkel Aagaard.
7:43 of 1st period - Stopped by Mackenzie Skapski with a rebound.
7:49 of 1st period - Andreas Englund is hit by Cristoval Nieves and loses puck.
8:25 of 1st period - Minor Penalty to Mark Fraser for High sticking.
8:26 of 1st period - John Hayden wins face-off versus Riley Barber in Hershey Bears zone.
8:36 of 1st period - Snap shot by Cory Conacher.
8:36 of 1st period - Shot Misses the Net.
9:04 of 1st period - Michael Kostka is hit by Bobby Farnham and loses puck.
9:54 of 1st period - Zach Redmond is hit by Andy Miele and loses puck.
10:25 of 1st period - Penalty to Mark Fraser is over, Mark Fraser is back on ice.
12:10 of 1st period - Slapshot by Cory Conacher.
12:10 of 1st period - Stopped by Parker Milner without a rebound.
12:11 of 1st period - Bobby Farnham wins face-off versus John Hayden in Rimouski Oceanic zone.
12:34 of 1st period - Jordan Nolan is hit by Dalton Prout and loses puck.
13:35 of 1st period - Snap shot by Andy Miele.
13:35 of 1st period - Deflect By Chris Wagner.
13:35 of 1st period - Stopped by Parker Milner without a rebound.
13:36 of 1st period - Andy Miele wins face-off versus Riley Barber in Rimouski Oceanic zone.
13:39 of 1st period - Wrist shot by Andy Miele.
13:39 of 1st period - Goal by Andy Miele - Hershey Bears : 1 - Rimouski Oceanic : 1.
13:40 of 1st period - John Hayden wins face-off versus Riley Barber in neutral zone.
14:05 of 1st period - Jordan Nolan is hit by Colby Cave and loses puck.
14:13 of 1st period - Icing by Dalton Prout.
14:14 of 1st period - Colby Cave wins face-off versus Patrice Cormier in Hershey Bears zone.
15:09 of 1st period - Mike Blunden is hit by Bobby Farnham and loses puck.
15:22 of 1st period - Wrist shot by Bobby Farnham.
15:22 of 1st period - Stopped by Mackenzie Skapski with a rebound.
15:38 of 1st period - Wrist shot by Shane Harper.
15:38 of 1st period - Shot Misses the Net.
15:40 of 1st period - Snap shot by Patrice Cormier.
15:40 of 1st period - Shot Blocked by Dalton Prout.
15:42 of 1st period - Snap shot by Patrice Cormier.
15:42 of 1st period - Stopped by Mackenzie Skapski without a rebound.
15:43 of 1st period - John Hayden wins face-off versus Riley Barber in Hershey Bears zone.
15:48 of 1st period - Snap shot by John Hayden.
15:48 of 1st period - Stopped by Parker Milner with a rebound.
15:50 of 1st period - Snap shot by Andrew Desjardins.
15:50 of 1st period - Shot Misses the Net.
15:52 of 1st period - Wrist shot by John Hayden.
15:52 of 1st period - Deflect By Jordan Nolan.
15:52 of 1st period - Stopped by Parker Milner with a rebound.
15:54 of 1st period - Slapshot by Klas Dahlbeck.
15:54 of 1st period - Shot Misses the Net.
15:56 of 1st period - Wrist shot by John Hayden.
15:56 of 1st period - Stopped by Parker Milner with a rebound.
16:31 of 1st period - Snap shot by Jordan Nolan.
16:31 of 1st period - Stopped by Mackenzie Skapski with a rebound.
16:33 of 1st period - Snap shot by Jordan Nolan.
16:33 of 1st period - Stopped by Mackenzie Skapski with a rebound.
16:35 of 1st period - Snap shot by Riley Barber.
16:35 of 1st period - Shot Blocked by Mark Fraser.
16:37 of 1st period - Slapshot by Nick Paul.
16:37 of 1st period - Shot Misses the Net.
16:39 of 1st period - Snap shot by Nick Paul.
16:39 of 1st period - Deflect By Chris Bourque.
16:39 of 1st period - Shot Misses the Net.
16:39 of 1st period - Puck is out of play.
16:40 of 1st period - Steven Fogarty wins face-off versus John Hayden in Hershey Bears zone.
17:07 of 1st period - Steven Fogarty is hit by Teddy Blueger and loses puck.
17:12 of 1st period - Wrist shot by Cristoval Nieves.
17:12 of 1st period - Stopped by Parker Milner with a rebound.
17:18 of 1st period - Taylor Fedun is hit by Dalton Prout and loses puck.
18:10 of 1st period - Icing by Joe Whitney.
18:11 of 1st period - Colby Cave wins face-off versus Jordan Nolan in Rimouski Oceanic zone.
18:37 of 1st period - Off-side.
18:38 of 1st period - Patrice Cormier wins face-off versus John Hayden in neutral zone.
18:48 of 1st period - Minor Penalty to Taylor Fedun for Interference.
18:49 of 1st period - Riley Barber wins face-off versus John Hayden in Rimouski Oceanic zone.
18:57 of 1st period - Nick Paul is hit by John Hayden and loses puck.
19:34 of 1st period - Zach Redmond is hit by Andrew Desjardins and loses puck.
19:45 of 1st period - Backhand shot by Jordan Nolan.
19:45 of 1st period - Stopped by Mackenzie Skapski with a rebound.
Goals for this period are 1 for Hershey Bears vs 1 for Rimouski Oceanic.
Shots for this period are 10 for Hershey Bears vs 9 for Rimouski Oceanic.

2nd period


0:01 of 2nd period - Riley Barber wins face-off versus John Hayden in neutral zone.
0:04 of 2nd period - Slapshot by Riley Barber.
0:04 of 2nd period - Shot Blocked by Michael Kostka.
0:10 of 2nd period - Snap shot by John Hayden.
0:10 of 2nd period - Stopped by Parker Milner without a rebound.
0:11 of 2nd period - John Hayden wins face-off versus Riley Barber in Rimouski Oceanic zone.
0:14 of 2nd period - Snap shot by John Hayden.
0:14 of 2nd period - Goal by John Hayden - Hershey Bears : 2 - Rimouski Oceanic : 1.
0:15 of 2nd period - Riley Barber wins face-off versus John Hayden in neutral zone.
0:23 of 2nd period - Minor Penalty to Dalton Prout for Holding.
0:24 of 2nd period - John Hayden wins face-off versus Riley Barber in Hershey Bears zone.
0:38 of 2nd period - Wrist shot by Riley Barber.
0:38 of 2nd period - Stopped by Mackenzie Skapski without a rebound.
0:39 of 2nd period - John Hayden wins face-off versus Riley Barber in Hershey Bears zone.
2:23 of 2nd period - Penalty to Dalton Prout is over, Dalton Prout is back on ice.
3:47 of 2nd period - Wrist shot by Chris Bourque.
3:47 of 2nd period - Shot Misses the Net.
4:53 of 2nd period - Bobby Farnham is hit by Mike Blunden and loses puck.
5:22 of 2nd period - Zach Sanford is hit by Carter Camper and loses puck.
6:07 of 2nd period - Zach Sanford is hit by Dalton Prout and loses puck.
6:46 of 2nd period - Scooter Vaughan is hit by John Hayden and loses puck.
7:08 of 2nd period - Zach Sanford is hit by Teddy Blueger and loses puck.
7:36 of 2nd period - Brendan Gaunce is hit by Jordan Nolan and loses puck.
7:57 of 2nd period - Slapshot by Michael Kostka.
7:57 of 2nd period - Deflect By Carter Camper.
7:57 of 2nd period - Shot Misses the Net.
7:57 of 2nd period - Puck is out of play.
7:58 of 2nd period - Colby Cave wins face-off versus Riley Barber in Rimouski Oceanic zone.
9:09 of 2nd period - Zach Redmond is hit by Chris Bourque and loses puck.
9:22 of 2nd period - Slapshot by Andrew Desjardins.
9:22 of 2nd period - Deflect By Cory Conacher.
9:22 of 2nd period - Stopped by Parker Milner with a rebound.
10:03 of 2nd period - Patrice Cormier is hit by John Hayden and loses puck.
10:11 of 2nd period - Icing by Mattias Backman.
10:12 of 2nd period - Andy Miele wins face-off versus Patrice Cormier in Rimouski Oceanic zone.
10:13 of 2nd period - Snap shot by Chris Bourque.
10:13 of 2nd period - Shot Blocked by Bobby Farnham.
10:25 of 2nd period - Snap shot by Riley Barber.
10:25 of 2nd period - Shot Misses the Net.
10:27 of 2nd period - Snap shot by Riley Barber.
10:27 of 2nd period - Shot Misses the Net.
10:50 of 2nd period - Scooter Vaughan is hit by Mark Fraser and loses puck.
11:14 of 2nd period - Cory Conacher is hit by Bobby Farnham and loses puck.
12:07 of 2nd period - Dylan Blujus is hit by Chris Wagner and loses puck.
12:48 of 2nd period - Snap shot by Cory Conacher.
12:48 of 2nd period - Shot Misses the Net.
12:50 of 2nd period - Slapshot by John Hayden.
12:50 of 2nd period - Shot Misses the Net.
12:52 of 2nd period - Backhand shot by Andrew Desjardins.
12:52 of 2nd period - Shot Blocked by Mattias Backman.
12:54 of 2nd period - Slapshot by Mark Fraser.
12:54 of 2nd period - Stopped by Parker Milner with a rebound.
13:00 of 2nd period - Minor Penalty to Joe Whitney for Interference.
13:01 of 2nd period - Riley Barber wins face-off versus John Hayden in Rimouski Oceanic zone.
13:47 of 2nd period - Andrew Desjardins is hit by Taylor Fedun and loses puck.
13:51 of 2nd period - Icing by Andrew Desjardins.
13:52 of 2nd period - Cory Conacher wins face-off versus Jordan Nolan in Hershey Bears zone.
14:01 of 2nd period - Slapshot by Taylor Fedun.
14:01 of 2nd period - Deflect By Patrice Cormier.
14:01 of 2nd period - Shot Blocked by Chris Wagner.
14:01 of 2nd period - Puck is out of play.
14:02 of 2nd period - Andy Miele wins face-off versus Riley Barber in Hershey Bears zone.
14:11 of 2nd period - Wrist shot by Nick Paul.
14:11 of 2nd period - Deflect By Andy Miele.
14:11 of 2nd period - Shot Blocked by Mark Fraser.
14:11 of 2nd period - Puck is out of play.
14:12 of 2nd period - John Hayden wins face-off versus Riley Barber in Hershey Bears zone.
14:42 of 2nd period - Slapshot by Chris Bourque.
14:42 of 2nd period - Shot Blocked by Zach Redmond.
15:00 of 2nd period - Penalty to Joe Whitney is over, Joe Whitney is back on ice.
15:06 of 2nd period - Snap shot by Jordan Nolan.
15:06 of 2nd period - Shot Misses the Net.
15:36 of 2nd period - Mikkel Aagaard is hit by Klas Dahlbeck and loses puck.
17:17 of 2nd period - Shane Harper is hit by Carter Camper and loses puck.
17:26 of 2nd period - Snap shot by Colby Cave.
17:26 of 2nd period - Stopped by Parker Milner without a rebound.
17:27 of 2nd period - Riley Barber wins face-off versus John Hayden in Rimouski Oceanic zone.
18:17 of 2nd period - Slapshot by Carter Camper.
18:17 of 2nd period - Stopped by Parker Milner without a rebound.
18:18 of 2nd period - John Hayden wins face-off versus Steven Fogarty in Rimouski Oceanic zone.
18:50 of 2nd period - Snap shot by Bobby Farnham.
18:50 of 2nd period - Stopped by Mackenzie Skapski with a rebound.
18:52 of 2nd period - Slapshot by Shane Harper.
18:52 of 2nd period - Shot Misses the Net.
19:06 of 2nd period - Backhand shot by Riley Barber.
19:06 of 2nd period - Stopped by Mackenzie Skapski without a rebound.
19:07 of 2nd period - Colby Cave wins face-off versus Riley Barber in Hershey Bears zone.
19:27 of 2nd period - Riley Barber is hit by Colby Cave and loses puck.
19:48 of 2nd period - Snap shot by Bobby Farnham.
19:48 of 2nd period - Deflect By Shane Harper.
19:48 of 2nd period - Shot Blocked by Andrew Desjardins.
19:48 of 2nd period - Puck is out of play.
19:49 of 2nd period - Andy Miele wins face-off versus Steven Fogarty in Hershey Bears zone.
Goals for this period are 1 for Hershey Bears vs 0 for Rimouski Oceanic.
Shots for this period are 6 for Hershey Bears vs 3 for Rimouski Oceanic.

3rd period


0:01 of 3rd period - John Hayden wins face-off versus Riley Barber in neutral zone.
0:05 of 3rd period - Minor Penalty to Taylor Fedun for Slashing.
0:06 of 3rd period - Riley Barber wins face-off versus Cory Conacher in Rimouski Oceanic zone.
0:06 of 3rd period - Riley Barber is hit by Cory Conacher.
2:05 of 3rd period - Penalty to Taylor Fedun is over, Taylor Fedun is back on ice.
2:09 of 3rd period - Wrist shot by Taylor Fedun.
2:09 of 3rd period - Stopped by Mackenzie Skapski with a rebound.
2:22 of 3rd period - Joe Whitney is hit by Carter Camper.
2:35 of 3rd period - Bobby Farnham and Mark Fraser fight to a draw.
2:35 of 3rd period - Penalty to Bobby Farnham for Fighting.
2:35 of 3rd period - Penalty to Mark Fraser for Fighting.
2:36 of 3rd period - Riley Barber wins face-off versus John Hayden in Hershey Bears zone.
2:45 of 3rd period - Andrew Desjardins is hit by Zach Redmond and loses puck.
2:50 of 3rd period - Wrist shot by Riley Barber.
2:50 of 3rd period - Stopped by Mackenzie Skapski with a rebound.
2:52 of 3rd period - Wrist shot by Riley Barber.
2:52 of 3rd period - Shot Misses the Net.
3:25 of 3rd period - Mike Blunden is hit by Nick Paul and loses puck.
4:18 of 3rd period - Nick Paul is hit by Andy Miele and loses puck.
4:24 of 3rd period - Icing by Taylor Fedun.
4:25 of 3rd period - Riley Barber wins face-off versus Andy Miele in Rimouski Oceanic zone.
4:25 of 3rd period - Riley Barber is hit by Chris Wagner.
4:39 of 3rd period - Mikkel Aagaard is hit by Klas Dahlbeck and loses puck.
4:58 of 3rd period - Andy Miele is hit by Scooter Vaughan and loses puck.
5:23 of 3rd period - Nick Paul is hit by Colby Cave and loses puck.
5:43 of 3rd period - Snap shot by Zach Sanford.
5:43 of 3rd period - Shot Hit the Post.
5:45 of 3rd period - Slapshot by Patrice Cormier.
5:45 of 3rd period - Shot Blocked by Dalton Prout.
5:56 of 3rd period - Icing by Zach Redmond.
5:57 of 3rd period - John Hayden wins face-off versus Steven Fogarty in Rimouski Oceanic zone.
5:58 of 3rd period - Backhand shot by Cory Conacher.
5:58 of 3rd period - Stopped by Parker Milner with a rebound.
6:22 of 3rd period - Slapshot by Jordan Nolan.
6:22 of 3rd period - Stopped by Mackenzie Skapski with a rebound.
6:24 of 3rd period - Snap shot by Jordan Nolan.
6:24 of 3rd period - Shot Misses the Net.
6:26 of 3rd period - Snap shot by Riley Barber.
6:26 of 3rd period - Stopped by Mackenzie Skapski with a rebound.
6:28 of 3rd period - Wrist shot by Riley Barber.
6:28 of 3rd period - Shot Blocked by Klas Dahlbeck.
6:47 of 3rd period - Slapshot by Chris Wagner.
6:47 of 3rd period - Shot Misses the Net.
6:49 of 3rd period - Snap shot by Klas Dahlbeck.
6:49 of 3rd period - Shot Misses the Net.
6:58 of 3rd period - Riley Barber is hit by Colby Cave and loses puck.
7:23 of 3rd period - Mikkel Aagaard is hit by Andy Miele and loses puck.
8:24 of 3rd period - Slapshot by Riley Barber.
8:24 of 3rd period - Shot Misses the Net.
8:42 of 3rd period - Wrist shot by Bobby Farnham.
8:42 of 3rd period - Shot Blocked by Andy Miele.
8:53 of 3rd period - Scooter Vaughan is hit by Klas Dahlbeck and loses puck.
9:14 of 3rd period - Snap shot by Carter Camper.
9:14 of 3rd period - Shot Misses the Net.
9:16 of 3rd period - Snap shot by Tyler Wotherspoon.
9:16 of 3rd period - Deflect By Colby Cave.
9:16 of 3rd period - Stopped by Parker Milner with a rebound.
9:34 of 3rd period - Bobby Farnham is hit by Chris Bourque and loses puck.
10:10 of 3rd period - Wrist shot by Mike Blunden.
10:10 of 3rd period - Stopped by Parker Milner without a rebound.
10:11 of 3rd period - Patrice Cormier wins face-off versus John Hayden in Rimouski Oceanic zone.
10:22 of 3rd period - Zach Sanford is hit by Cristoval Nieves and loses puck.
10:45 of 3rd period - Wrist shot by Colby Cave.
10:45 of 3rd period - Stopped by Parker Milner without a rebound.
10:46 of 3rd period - Riley Barber wins face-off versus Colby Cave in Rimouski Oceanic zone.
10:50 of 3rd period - Off-side.
10:51 of 3rd period - John Hayden wins face-off versus Riley Barber in neutral zone.
11:00 of 3rd period - Snap shot by Cory Conacher.
11:00 of 3rd period - Shot Misses the Net.
11:02 of 3rd period - Wrist shot by Cory Conacher.
11:02 of 3rd period - Stopped by Parker Milner without a rebound.
11:03 of 3rd period - Riley Barber wins face-off versus John Hayden in Rimouski Oceanic zone.
11:03 of 3rd period - Riley Barber is hit by Michael Kostka.
11:11 of 3rd period - Slapshot by Zach Redmond.
11:11 of 3rd period - Deflect By Andrew Desjardins.
11:11 of 3rd period - Stopped by Mackenzie Skapski with a rebound.
11:17 of 3rd period - Slapshot by Zach Redmond.
11:17 of 3rd period - Stopped by Mackenzie Skapski with a rebound.
11:27 of 3rd period - Dalton Prout is hit by Taylor Fedun and loses puck.
11:34 of 3rd period - Snap shot by Shane Harper.
11:34 of 3rd period - Stopped by Mackenzie Skapski with a rebound.
11:48 of 3rd period - Scooter Vaughan is hit by Dalton Prout and loses puck.
12:09 of 3rd period - Snap shot by Cristoval Nieves.
12:09 of 3rd period - Shot Misses the Net.
13:15 of 3rd period - Slapshot by Klas Dahlbeck.
13:15 of 3rd period - Deflect By Teddy Blueger.
13:15 of 3rd period - Stopped by Parker Milner with a rebound.
13:37 of 3rd period - Wrist shot by John Hayden.
13:37 of 3rd period - Stopped by Parker Milner with a rebound.
13:49 of 3rd period - Mike Blunden is hit by Zach Sanford.
13:57 of 3rd period - Slapshot by Carter Camper.
13:57 of 3rd period - Stopped by Parker Milner with a rebound.
13:59 of 3rd period - Slapshot by Carter Camper.
13:59 of 3rd period - Stopped by Parker Milner with a rebound.
15:13 of 3rd period - Wrist shot by Chris Bourque.
15:13 of 3rd period - Goal by Chris Bourque - Hershey Bears : 3 - Rimouski Oceanic : 1.
15:14 of 3rd period - Riley Barber wins face-off versus John Hayden in neutral zone.
15:40 of 3rd period - Colby Cave is hit by Taylor Fedun and loses puck.
15:47 of 3rd period - Snap shot by Patrice Cormier.
15:47 of 3rd period - Shot Misses the Net.
16:21 of 3rd period - Snap shot by Brendan Gaunce.
16:21 of 3rd period - Shot Blocked by Steven Fogarty.
16:29 of 3rd period - Cristoval Nieves is hit by Steven Fogarty and loses puck.
16:38 of 3rd period - Wrist shot by Zach Sanford.
16:38 of 3rd period - Stopped by Mackenzie Skapski with a rebound.
16:40 of 3rd period - Slapshot by Mikkel Aagaard.
16:40 of 3rd period - Shot Misses the Net.
16:42 of 3rd period - Slapshot by Zach Sanford.
16:42 of 3rd period - Shot Hit the Post.
16:44 of 3rd period - Snap shot by Mark Alt.
16:44 of 3rd period - Shot Blocked by Klas Dahlbeck.
16:46 of 3rd period - Wrist shot by Mikkel Aagaard.
16:46 of 3rd period - Deflect By Steven Fogarty.
16:46 of 3rd period - Shot Misses the Net.
16:46 of 3rd period - Puck is out of play.
16:47 of 3rd period - Riley Barber wins face-off versus John Hayden in Hershey Bears zone.
17:12 of 3rd period - Tyler Wotherspoon is hit by Zach Redmond and loses puck.
18:08 of 3rd period - Snap shot by Mike Blunden.
18:08 of 3rd period - Shot Misses the Net.
18:16 of 3rd period - Nick Paul is hit by Mike Blunden.
19:58 of 3rd period - Icing by Colby Cave.
19:59 of 3rd period - Zach Sanford wins face-off versus John Hayden in Hershey Bears zone.
Goals for this period are 1 for Hershey Bears vs 0 for Rimouski Oceanic.
Shots for this period are 10 for Hershey Bears vs 8 for Rimouski Oceanic.